 Dungeon Crawl Stone Soup version 0.14.0-12-g87ee3b7 (webtiles) character file.

147 staplegun the Covert (level 4, -1/22 HPs)
             Began as a Spriggan Assassin on Apr 17, 2014.
             Slain by a giant frog zombie (4 damage)
             ... on Level 5 of the Dungeon.
             The game lasted 00:03:24 (1352 turns).

staplegun the Covert (Spriggan Assassin)            Turns: 1352, Time: 00:03:24

HP  -1/22        AC  3     Str  7      XL: 4   Next: 89%
MP   8/8         EV 17     Int 12      God:
Gold 17          SH  0     Dex 18      Spells:  0 memorised,  3 levels left

rFire  . . .     SeeInvis +     r - +1,+0 short sword (speed)
rCold  . . .     Clarity  .     c - +0 robe
rNeg   . . .     Conserve .     (shield restricted)
rPois  .         rCorr    .     (helmet restricted)
rElec  .         rRot     .     d - +0 cloak
SustAb . .       Spirit   .     (gloves unavailable)
rMut   .         Warding  .     (boots unavailable)
Saprov . . .     Stasis   .     (no amulet)
MR     .....                    (no ring)
                                (no ring)

@: very quick, not resistant to hostile enchantments, extremely stealthy
A: unfitting armour, see invisible, herbivore 3, speed 3, slow metabolism 2
a: no special abilities


You were on level 5 of the Dungeon.
You were not hungry.

You visited 1 branch of the dungeon, and saw 5 of its levels.

You collected 17 gold pieces.

Inventory:

Hand weapons
 a - a +2,+2 dagger
 b - a +0 blowgun
 r - a +1,+0 short sword of speed (weapon)
Missiles
 e - 8 poisoned needles
 f - 2 curare-tipped needles
Armour
 c - a +0 robe (worn)
 d - a +0 cloak (worn)
Magical devices
 n - a wand of random effects (16) {unknown}
 t - a wand of cold (8) {unknown}
 u - a wand of flame (15) {unknown}
Comestibles
 h - a bread ration
 o - a slice of pizza
Scrolls
 i - a scroll of enchant armour {unknown}
 l - a scroll of noise {unknown}
 m - a scroll of immolation {unknown}
 p - 2 scrolls of blinking {unknown}
 q - a scroll of random uselessness {unknown}
 s - a scroll of identify {unknown}
Potions
 g - a potion of porridge
 j - 2 potions of confusion {unknown}
 k - a potion of resistance {unknown}


   Skills:
 - Level 1.5 Fighting
 - Level 2.1 Short Blades
 - Level 2.1 Throwing
 - Level 1.5 Dodging
 + Level 9.5 Stealth


You had 3 spell levels left.
You didn't know any spells.

Dungeon Overview and Level Annotations

Branches:
Dungeon (5/15)
 Temple: D:4-7

Altars:


Innate Abilities, Weirdness & Mutations

You are tiny and cannot use many weapons and most armour.
You have supernaturally acute eyesight.
You are a herbivore.
You cover ground extremely quickly.
You need consume almost no food.


Message History

The adder is severely wounded.
The giant frog zombie misses you. The adder bites you but does no damage.
You miss the adder.
The adder is severely wounded.
The giant frog zombie closely misses you.
You hit the adder.
You kill the adder!
The giant frog zombie hits you.
* * * LOW HITPOINT WARNING * * *
The bat zombie hits you but does no damage.
You barely miss the bat zombie. The bat zombie closely misses you.
The giant frog zombie closely misses you.
The bat zombie misses you.
You barely miss the bat zombie. The bat zombie hits you.
* * * LOW HITPOINT WARNING * * *
The giant frog zombie barely misses you.
The bat zombie barely misses you.
You barely miss the bat zombie. The bat zombie misses you.
The giant frog zombie hits you.
You die...

#.....# #.#
#.....##..#
#.....#..#
#......(#
#.....###
#.....#
#####.##
#.zs..#
#@##### #z#


oho ..hoo ....... .#....... .##.......) #....... ... You could see an orc
warrior, 3 orcs, a bat zombie, a giant frog zombie, 2 jackals and a giant
cockroach.

Vanquished Creatures
  Crazy Yiuf (D:5)
  An orc priest (D:3)
  4 adders
  A worm (D:3)
  A giant eyeball (D:4)
  A giant gecko (D:5)
  An ooze (D:3)
  2 orcs
  A giant cockroach (D:1)
  3 hobgoblins
  A kobold (D:3)
  A quokka (D:4)
  5 bats
  A goblin (D:4)
  4 rats
28 creatures vanquished.

Notes
Turn   | Place    | Note
--------------------------------------------------------------
     0 | D:1      | staplegun, the Spriggan Assassin, began the quest for the Orb.
     0 | D:1      | Reached XP level 1. HP: 10/10 MP: 2/2
     8 | D:1      | Reached skill level 6 in Stealth
   342 | D:3      | Reached XP level 2. HP: 12/14 MP: 4/4
   409 | D:3      | Reached skill level 7 in Stealth
   446 | D:3      | Noticed an orc priest
   446 | D:3      | Noticed an orc priest
   448 | D:3      | Killed an orc priest
   448 | D:3      | Reached skill level 8 in Stealth
   448 | D:3      | Reached XP level 3. HP: 7/18 MP: 6/6
   724 | D:4      | Paralysed by a giant eyeball for 2 turns
   731 | D:4      | Paralysed by a giant eyeball for 4 turns
   802 | D:5      | Entered Level 5 of the Dungeon
   802 | D:5      | Noticed an orc warrior
   869 | D:4      | Reached XP level 4. HP: 22/22 MP: 8/8
  1253 | D:5      | Noticed a phantom
  1277 | D:5      | Noticed Crazy Yiuf
  1283 | D:5      | Killed Crazy Yiuf
  1283 | D:5      | Reached skill level 9 in Stealth
  1344 | D:5      | Noticed an orc warrior
  1352 | D:5      | Slain by a giant frog zombie

Action                   |  1- 3 |  4- 6 || total
-------------------------+-------+-------++-------
Melee: Dagger            |    47 |    18 ||    65
       Short sword       |       |    26 ||    26
 Stab: Sleeping          |    14 |     4 ||    18
